 Dungeon Crawl Stone Soup version 0.29-a0-472-ge5599a681e (webtiles) character file.

Game seed: 5407052905639322612

345 xian the Poker (level 6, -6/52 HPs)
             Began as a Draconian Fighter on May 22, 2022.
             Was a Priest of Lugonu.
             Killed by nerve-wracking pain
             ... invoked by Grinder
              (11 damage)
             ... on level 3 of the Dungeon.
             The game lasted 00:07:36 (3323 turns).

xian the Poker (Draconian Fighter)                  Turns: 3323, Time: 00:07:37

Health: -6/52      AC:  7    Str: 20    XL:     6   Next: 32%
Magic:  6/6        EV: 12    Int:  8    God:    Lugonu [***...]
Gold:   153        SH:  4    Dex: 11    Spells: 5/5 levels left

rFire   . . .      SeeInvis .   s - +2 mace (drain)
rCold   . . .      Faith    .   b - +0 buckler
rNeg    . . .      Spirit   .   (body armour unavailable)
rPois   .          Reflect  .   (helmet restricted)
rElec   .          Harm     .   (no cloak)
rCorr   .          Rampage  .   o - +0 pair of gloves
Will    .....                   (no boots)
Stlth   +.........              (no amulet)
HPRegen 0.17/turn               (no ring)
MPRegen 0.10/turn               (no ring)

@: no status effects
A: AC +6, unfitting armour, cold-blooded
a: Renounce Religion, Depart the Abyss, Bend Space, Banish


You were on level 3 of the Dungeon.
You worshipped Lugonu.
Lugonu was most pleased with you.
You visited 1 branch of the dungeon, and saw 3 of its levels.

You collected 153 gold pieces.

Inventory:

Hand Weapons
 s - a +2 mace of draining (weapon)
Armour
 b - a +0 buckler (worn)
 o - a +0 pair of gloves (worn)
Wands
 a - a wand of charming (10)
Scrolls
 d - a scroll of brand weapon {unknown}
 e - a scroll of identify {unknown}
 f - a scroll of teleportation {unknown}
 g - 2 scrolls of magic mapping {unknown}
 j - a scroll of enchant armour {unknown}
 k - 2 scrolls of immolation {unknown}
 r - a scroll of summoning {unknown}
Potions
 c - 2 potions of might
 h - 3 potions of magic {unknown}
 i - 2 potions of mutation {unknown}
 l - a potion of haste {unknown}
 m - 2 potions of degeneration {unknown}
 n - a potion of ambrosia {unknown}
 p - 3 potions of curing {unknown}
 q - a potion of resistance {unknown}
 t - a potion of heal wounds {unknown}


   Skills:
 + Level 4.1 Fighting
 + Level 0.2 Maces & Flails
 + Level 4.6 Polearms
 + Level 3.9 Dodging
 + Level 1.1 Stealth
 + Level 3.8 Shields


You had 5 spell levels left.
You didn't know any spells.
Your spell library contained the following spells:

 Spells                   Type           Power      Damage    Failure   Level
 Sandblast                Erth           0%         2d4       50%         1
 Passwall                 Tmut/Erth      0%         N/A       63%         2
 Stone Arrow              Conj/Erth      0%         3d7       86%         3


Dungeon Overview and Level Annotations

Branches:
Dungeon (3/15)

Altars:
Dithmenos
Elyvilon
Fedhas
Uskayaw
Lugonu

Shops:
D:1 :   D:2 (

Annotations:
D:3 Grinder


Innate Abilities, Weirdness & Mutations

Your plain brown scales are hard. (AC +6)
You cannot fit into any form of body armour.
You are cold-blooded and may be slowed by cold attacks.


Message History

Grinder gestures at you. Pain shoots through your body!
You can move again.
You thump Grinder!
Grinder is lightly wounded.
Grinder gestures at you.
You shrug off the repeated paralysis!
You closely miss Grinder.
Grinder is lightly wounded.
Grinder blinks!
Found 11 gold pieces.
Grinder gestures at you. Pain shoots through your body! Grinder hits you!
You barely miss Grinder.
Your tail-slap misses Grinder.
Grinder is lightly wounded.
Grinder hits you but does no damage.
You closely miss Grinder.
Grinder is lightly wounded.
Grinder blinks!
Found Sif Muna's Catalogue of Enthralling Fire.
Grinder says, "FISH!"
Grinder blinks!
You hit Grinder.
Grinder is moderately wounded.
Grinder hits you.
You writhe in agony.
You barely miss Grinder.
Grinder is moderately wounded.
Grinder hits you!
* * * LOW HITPOINT WARNING * * *
You writhe in agony.
* * * LOW HITPOINT WARNING * * *
You closely miss Grinder.
Grinder is moderately wounded.
Grinder gestures at you. Pain shoots through your body!
* * * LOW HITPOINT WARNING * * *
Grinder gestures at you. Pain shoots through your body!
You die...

.≈...###....#.......#...#####
.≈.#.# #.############...#
.≈.#.# #......)...#####.#
.≈.#.#####....##### #.##
≈≈.#.....'....# #..#
..†#####################†#
#### ................# .
..#...#...#...#.# .####
.......@........# ....#
.:#...#5..#...### #.#.#
....$..........#
#.#.#####################
#.#..#.##.....#
#......##....# #.........+
##........+ .
#.........#####...


You could see Grinder.

Vanquished Creatures
  Sigmund (D:3)
  Crazy Yiuf (D:3)
  Ijyb (D:3)
  An iguana (D:3)
  4 adders (D:2)
  2 worms
  A dart slug (D:2)
  4 bats
  7 endoplasms
  A giant cockroach (D:2)
  4 goblins
  6 hobgoblins
  6 jackals
  3 kobolds
  2 quokkas
  8 ball pythons
  4 frilled lizards
  5 rats
61 creatures vanquished.

Notes
Turn   | Place    | Note
-------+----------+-------------------------------------------
     0 | D:1      | xian the Draconian Fighter began the quest for the Orb.
     0 | D:1      | Reached XP level 1. HP: 19/19 MP: 1/1
   170 | D:1      | Found Foetebbi's Book Boutique.
   432 | D:1      | Reached XP level 2. HP: 24/26 MP: 2/2
   637 | D:1      | Found a faded altar of an unknown god.
   673 | D:1      | Prayed at the altar of an unknown god.
   673 | D:1      | Became a worshipper of Lugonu the Unformed
   673 | D:1      | Reached * piety under Lugonu
   673 | D:1      | Reached ** piety under Lugonu
  1257 | D:2      | Reached XP level 3. HP: 31/31 MP: 3/3
  1383 | D:2      | Reached XP level 4. HP: 19/39 MP: 4/4
  1566 | D:2      | Found Colos's Weapon Boutique.
  2075 | D:3      | Noticed Sigmund
  2389 | D:3      | Killed Sigmund
  2390 | D:3      | Reached XP level 5. HP: 21/46 MP: 5/5
  2732 | D:3      | Found a runed translucent door.
  2733 | D:3      | Noticed Crazy Yiuf
  2743 | D:3      | Killed Crazy Yiuf
  2744 | D:3      | Reached skill level 1 in Stealth
  2744 | D:3      | Reached XP level 6. HP: 25/52 MP: 3/6
  3024 | D:3      | Found a white marble altar of Elyvilon.
  3024 | D:3      | Found a blossoming altar of Fedhas.
  3037 | D:3      | Found a hide-covered altar of Uskayaw.
  3037 | D:3      | Noticed Ijyb
  3051 | D:3      | Killed Ijyb
  3220 | D:3      | Found a shadowy altar of Dithmenos.
  3291 | D:3      | Noticed Grinder
  3303 | D:3      | Reached *** piety under Lugonu
  3308 | D:3      | Paralysed by Grinder for 2 turns
  3323 | D:3      | Killed from afar by Grinder

Illustrated notes

Levels and vault maps discovered:
D:1:      dpeg_arrival_radiant, layout_rooms, serial_shops, shop,
          hellmonk_ecumenical_altar_arch_garden, kennysheep_minor_cross
D:2:      layout_loops_ring, serial_shops, shop, kennysheep_crisscross
D:3:      layout_basic, mainiacjoe_overflow_alcove_4, nicolae_overflow_squiral,
          gammafunk_temple_overflow_forgotten, lemuel_coloured_pillars_altar,
          minmay_between, uniq_ijyb, uniq_crazy_yiuf_cottage, uniq_sigmund,
          uniq_grinder

Skill      XL: |  1  2  3  4  5 |
---------------+----------------+-----
Dodging        | 3 |  3.9
Polearms       | 3 4 |  4.6
Fighting       | 4 |  4.1
Stealth        | 1 |  1.1
Maces & Flails | |  0.2
Shields        | |  3.8

Action                   |  1- 3 |  4- 6 || total
-------------------------+-------+-------++-------
Melee: Trident           |    95 |    86 ||   181
       Tailslap          |     7 |    17 ||    24
       Mace              |       |    33 ||    33
 Stab: Distracted        |       |     1 ||     1
       Sleeping          |       |     1 ||     1
Armor: Skin              |    31 |    38 ||    69
Dodge: Dodged            |    66 |    79 ||   145
Block: Buckler           |    33 |    23 ||    56

Table legend: (Time is in decaauts)
 A = Elapsed time spent in this place.
 B = Non-inter-level travel time spent in this place.
 C = Inter-level travel time spent in this place.
 D = Time resting spent in this place.
 E = Time spent auto-exploring this place.
 F = Levels seen in this place.
 G = Mean time per level.
                   A        B        C        D        E       F      G
               +--------+--------+--------+--------+--------+-----+--------+
         Total |   3374 |   3361 |     13 |    369 |   2078 |   3 | 1124.7 |
       Dungeon |   3374 |   3361 |     13 |    369 |   2078 |   3 | 1124.7 |
               +--------+--------+--------+--------+--------+-----+--------+

Top non-repeatable levels by time:
     D:2: 1430 daAuts
     D:3: 996 daAuts
     D:1: 947 daAuts
